 Dungeon Crawl Stone Soup version 0.30.1-4-g462c640d31 (webtiles) character file.

Game seed: 3831435981785705891

20694 shmup the Grappler (level 12, 0/119 HPs)
             Began as a Troll Transmuter on Aug 12, 2023.
             Was a High Priest of Wu Jian.
             Slain by a meliai
             ... wielding a +0 hand axe
              (15 damage)
             ... on level 13 of the Dungeon on Aug 13, 2023.
             The game lasted 00:49:58 (15557 turns).

shmup the Grappler (Troll Transmuter)              Turns: 15557, Time: 00:49:59

Health: 0/119      AC:  6    Str: 21    XL:     12   Next: 47%
Magic:  12/12      EV: 13    Int: 13    God:    Wu Jian [*****.]
Gold:   418        SH:  0    Dex: 10    Spells: 7/13 levels left

rFire   . .          .
                       - Unarmed
rCold   . . .        (no shield)
rNeg    . . .        s - +2 robe {Archmagi}
rPois   .            (helmet currently unavailable)
rElec   .            p - scarf {shadows}
rCorr   .            (gloves unavailable)
SInv    .            (boots unavailable)
Will    .....        S - amulet of the acrobat
Stlth   +            i - +4 ring of slaying
HPRegen 1.19/turn    C - ring of wizardry
MPRegen 0.13/turn

%: acrobat, wizardry (x1), archmagi
@: appendages, studying Spellcasting
A: horns 2, talons 2, large, unfitting armour, claws 3, regeneration 1, shaggy
fur 1, tough skin 1
a: End Transformation, Renounce Religion, Wall Jump, Serpent's Lash, Heavenly
Storm


You were on level 13 of the Dungeon.
You worshipped Wu Jian.
Wu Jian was extremely pleased with you.
You had temporarily grown beastly horns and talons.
You visited 4 branches of the dungeon, and saw 16 of its levels.
You also visited: Ossuary.

You collected 1063 gold pieces.
You spent 645 gold pieces at shops.

Inventory:

Hand Weapons
 o - a +0 dagger
 q - a +2 scimitar of flaming
 t - a +3 dagger of draining
 J - a +1 short sword of freezing
 N - a +0 dagger of chaos
 U - a +2 dagger of venom
Missiles
 u - 51 poisoned darts
 D - 14 boomerangs
 H - a throwing net
 I - 2 curare-tipped darts
 L - 2 atropa-tipped darts
Armour
 a - a +0 robe
 f - a +0 cloak
 p - a scarf of shadows (worn)
 s - a +2 robe of the Archmagi (worn)
Jewellery
 i - a +4 ring of slaying (left claw)
 z - a ring of fire
 C - a ring of wizardry (right claw)
 E - a ring of see invisible
 Q - an amulet of magic regeneration
 S - an amulet of the acrobat (around neck)
 V - a ring of protection from fire
 W - a +6 ring of strength
Wands
 g - a wand of paralysis (4)
 m - a wand of mindburst (17)
 r - a wand of flame (27)
 O - a wand of acid (7)
 X - a wand of iceblast (2)
Scrolls
 j - 7 scrolls of identify
 k - 6 scrolls of teleportation
 n - 3 scrolls of fear
 x - a scroll of magic mapping
 y - 2 scrolls of torment
 G - 4 scrolls of enchant weapon
 M - a scroll of brand weapon {unknown}
 P - a scroll of vulnerability
 R - a scroll of blinking
 T - a scroll of fog
Potions
 b - 5 potions of lignification
 c - 2 potions of resistance
 e - 4 potions of heal wounds
 h - 5 potions of cancellation
 l - 5 potions of curing
 v - 6 potions of degeneration
 w - 2 potions of brilliance
 A - 2 potions of flight
 B - a potion of attraction
 F - 3 potions of mutation
 K - a potion of invisibility
Miscellaneous
 d - a piece from Xom's chessboard (15/15)


   Skills:
 - Level 7.7 Fighting
 - Level 10.1 Dodging
 + Level 10.4 Unarmed Combat
 - Level 1.2 Spellcasting
 - Level 8.8 Transmutations


You had 7 spell levels left.
You knew the following spells:

 Your Spells              Type           Power      Damage    Failure   Level
a - Beastly Appendage     Tmut           70%        N/A       1%          1
b - Wereblood             Tmut           35%        N/A       1%          2
c - Spider Form           Tmut/Pois      18%        N/A       6%          3

Your spell library contained the following spells:

 Spells                   Type           Power      Damage    Failure   Level
 Apportation              Tloc           2%         N/A       12%         1
 Necrotise                Necr           4%         1d4       12%         1
 Summon Small Mammal      Summ           4%         N/A       12%         1
 Ice Form                 Ice/Tmut       18%        N/A       17%         4
 Hailstorm                Conj/Ice       1%         3d3       32%         3
 Ozocubu's Armour         Ice            1%         N/A       32%         3
 Simulacrum               Ice/Necr       0%         N/A       100%        6
 Malign Gateway           Summ/Tloc      0%         N/A       100%        7
 Ozocubu's Refrigeration  Ice            0%         4d7       100%        7
 Summon Horrible Things   Summ           0%         N/A       100%        8


Dungeon Overview and Level Annotations

Branches:
Dungeon (13/15) Zot: 26139  Temple (1/1) D:4 Zot: 5846    Lair (1/5) D:9 Zot: 5753
    Orc (1/2) D:11 Zot: 5745 Ossuary (visited)
 Vaults: D:13-14

Altars:
Ashenzari
Cheibriados
Dithmenos
Elyvilon
Fedhas
Gozag
Hepliaklqana
Kikubaaqudgha
Makhleb
Nemelex Xobeh
Okawaru
Qazlal
Ru
Sif Muna
Trog
Uskayaw
Vehumet
Wu Jian
Xom
Yredelemnul
Zin
The Shining One

Shops:
D:2 [   D:3 *   D:4 *!([?   D:7 *   D:11 =?((

Annotations:
D:5 1 runed translucent door, jtron's ghost, novice GnWn
D:11 exclusion: orange crystal statue


Innate Abilities, Weirdness & Mutations

You have temporarily grown beastly horns and talons.
You are too large for most types of armour.
You have claws for hands.
Your natural rate of healing is unusually fast.
You are covered in fur. (AC +1)
You have tough skin. (AC +1)


Message History

You barely miss the meliai. Your kick misses the meliai.
You feel very sick. The meliai hits you with a +0 hand axe!
* * * LOW HITPOINT WARNING * * *
The meliai stings you.
* * * LOW HITPOINT WARNING * * *
Unknown command.
You closely miss the meliai. Your kick misses the meliai.
You feel very sick. The meliai hits you with a +0 hand axe.
* * * LOW HITPOINT WARNING * * *
The meliai misses you. The orc hits you but does no damage. x2
The meliai misses you. x2
Unknown command.
You barely miss the meliai.
You feel very sick. The meliai hits you but does no damage.
The meliai stings you.
* * * LOW HITPOINT WARNING * * *
You are more poisoned.
The meliai poisons you! The orc misses you. The orc closely misses you.
Unknown command.
You claw the meliai! You headbutt the meliai.
The meliai is moderately wounded.
* * * LOW HITPOINT WARNING * * *
You feel extremely sick. The meliai hits you with a +0 hand axe.
* * * LOW HITPOINT WARNING * * *
The meliai closely misses you. The meliai hits you but does no damage.
The meliai closely misses you. The orc misses you.
The orc hits you but does no damage. The orc attacks as you move away!
The orc misses you.
* * * LOW HITPOINT WARNING * * *
You feel extremely sick. The meliai closely misses you.
The meliai completely misses you.
The orc hits you from afar with a +0 trident.
* * * LOW HITPOINT WARNING * * *
You feel better. The meliai completely misses you. The meliai stings you!
* * * LOW HITPOINT WARNING * * *
The meliai hits you with a +0 hand axe!
You die...

▒[....▒▒ ▒▒.......
▒>....▒ ▒▒........
▒....▒ ▒.........
▒...▒ ▒......... ▒..▒
▒.)....... ▒▒.▒▒
▒......... ▒))▒▒
▒.........
▒▒yo▒▒▒▒▒.........
▒T................
▒▒▒....▒......>.....
▒▒......▒▒...........
▒▒......▒▒▒▒..........
▒.......▒ ▒▒.........
▒▒▒.▒▒▒▒▒▒ ▒.........
▒▒▒▒▒...▒ ▒▒▒.......
.......▒▒ ▒▒......
▒▒▒▒▒..▒▒▒▒▒▒▒ ▒▒.....


You could see a meliai and an orc.

Vanquished Creatures
  Jorgrun (D:12)
  3 centaur warriors (D:13)
  A two-headed ogre (D:8)
  3 manticores
  An ugly thing (D:11)
  A gargoyle (D:12)
  A rime drake (D:9)
  2 kobold demonologists
  An efreet (D:11)
  A yaktaur (D:12)
  2 tengu conjurers (D:13)
  2 trolls (D:10)
  2 meliai (D:13)
  2 hornets (D:9)
  9 slime creatures
  2 wraiths
  2 vampires
  2 wyverns
  3 yaks (D:11)
  A steam dragon (D:9)
  7 vampire mosquitoes
  Menkaure (Ossuary)
  2 acid dragons (D:12)
  A warg (Orc:1)
  9 water moccasins
  7 ice beasts
  12 orc warriors
  2 black bears
  A sky beast (D:7)
  2 ogres (D:11)
  3 wolves
  8 centaurs
  2 phantoms
  3 bullfrogs
  4 kobold brigands
  4 scorpions
  24 killer bees
  4 howler monkeys
  A crimson imp (D:8)
  A lava snake (D:9)
  2 quasits (D:5)
  4 hounds
  3 jellies
  12 orc priests
  2 sleepcaps
  Natasha (thrice) (D:2)
  7 iguanas
  20 orc wizards
  3 mummies (Ossuary)
  6 adders
  6 gnolls
  4 shadow imps
  4 white imps
  6 ufetubi (D:5)
  2 worms
  2 dart slugs
  50 orcs
  2 bats
  2 endoplasms
  6 giant cockroaches
  5 gnoll zombies (Ossuary)
  6 goblins
  8 hobgoblins
  4 jackals (D:3)
  24 kobolds
  4 quokkas
  4 ball pythons
  2 frilled lizards
  3 gnoll skeletons (Ossuary)
  7 goblin skeletons (Ossuary)
  5 goblin zombies (Ossuary)
  4 hobgoblin skeletons (Ossuary)
  4 hobgoblin zombies (Ossuary)
  A kobold skeleton (Ossuary)
  2 kobold zombies (Ossuary)
  4 orc skeletons (Ossuary)
  3 orc zombies (Ossuary)
  6 rats
  6 rat skeletons (Ossuary)
  6 rat zombies (Ossuary)
394 creatures vanquished.

Notes
Turn   | Place    | Note
-------+----------+-------------------------------------------
     0 | D:1      | shmup the Troll Transmuter began the quest for the Orb.
     0 | D:1      | Reached XP level 1. HP: 18/18 MP: 1/1
   737 | D:2      | Noticed Natasha
   808 | D:2      | Reached XP level 2. HP: 26/26 MP: 2/2
   886 | D:2      | Found Nassuiga's Antique Armour Boutique.
  1183 | D:2      | Killed Natasha
  1184 | D:2      | Reached XP level 3. HP: 29/32 MP: 3/3
  1300 | D:2      | Noticed Natasha
  1306 | D:2      | Killed Natasha
  1307 | D:2      | Reached XP level 4. HP: 26/40 MP: 4/4
  1378 | D:2      | Found a blossoming altar of Fedhas.
  1488 | D:2      | Noticed Natasha
  1494 | D:2      | Killed Natasha
  1546 | D:3      | Found Zin's Purification Station.
  1559 | D:3      | Found a glowing silver altar of Zin.
  1579 | D:3      | Reached XP level 5. HP: 46/46 MP: 3/5
  2243 | D:4      | Reached skill level 5 in Unarmed Combat
  2512 | D:4      | Found a broken altar of Ashenzari.
  2515 | D:4      | Saw a vision of the Shoals and the Spider Nest.
  2515 | D:4      | Noticed a culicivora
  2515 | D:4      | Noticed a manticore
  2515 | D:4      | Noticed a skyshark
  2515 | D:4      | Noticed a skyshark
  2515 | D:4      | Noticed a manticore
  2515 | D:4      | Noticed a merfolk impaler
  2515 | D:4      | Noticed a wind drake
  2515 | D:4      | Noticed a torpor snail
  2515 | D:4      | Noticed a sea snake
  2515 | D:4      | Noticed a redback
  2515 | D:4      | Noticed a merfolk
  2516 | D:4      | Noticed a redback
  2516 | D:4      | Noticed a wolf spider
  2516 | D:4      | Noticed a demonic crawler
  2517 | D:4      | Noticed a culicivora
  2517 | D:4      | Noticed an orb spider
  2525 | D:4      | Noticed a jumping spider
  2578 | D:4      | Found Zucaun's Magic Scroll Emporium.
  2578 | D:4      | Found Mozoaz's Antique Armour Emporium.
  2585 | D:4      | Found Liplaarr's Antique Weapon Emporium.
  2588 | D:4      | Found Roovoaz's Distillery.
  2609 | D:4      | Bought a potion of might for 48 gold pieces
  2609 | D:4      | Bought a potion of heal wounds for 60 gold pieces
  2609 | D:4      | Bought a potion of curing for 36 gold pieces
  2609 | D:4      | Bought a potion of might for 48 gold pieces
  2655 | D:4      | Reached XP level 6. HP: 52/54 MP: 4/6
  2703 | D:4      | Found a staircase to the Ecumenical Temple.
  2779 | Temple   | Entered the Ecumenical Temple
  2920 | Temple   | Became a worshipper of the Wu Jian Council
  3254 | D:4      | Found Wiq Imy's Assorted Antiques.
  3473 | D:5      | Entered Level 5 of the Dungeon
  3484 | D:5      | Reached skill level 1 in Fighting
  3638 | D:5      | Reached XP level 7. HP: 46/65 MP: 7/7
  3718 | D:5      | Found a sand-covered staircase.
  3724 | Ossuary  | Entered an ossuary
  3749 | Ossuary  | Learned a level 2 spell: Wereblood
  3793 | Ossuary  | Reached * piety under Wu Jian
  4031 | Ossuary  | Reached ** piety under Wu Jian
  4083 | Ossuary  | Noticed Menkaure
  4097 | Ossuary  | Killed Menkaure
  4352 | D:5      | Reached XP level 8. HP: 78/78 MP: 6/8
  4459 | D:5      | Found a runed translucent door.
  4464 | D:5      | Noticed jtron's ghost (novice GnWn)
  5179 | D:6      | Reached skill level 5 in Transmutations
  5507 | D:6      | Learned a level 3 spell: Spider Form
  5633 | D:7      | Found Walym's Overcharged Wands.
  5785 | D:7      | Reached *** piety under Wu Jian
  5839 | D:7      | Reached XP level 9. HP: 46/84 MP: 7/9
  5980 | D:7      | Found an iron altar of Okawaru.
  6925 | D:8      | HP: 1/84 [orc warrior/+0 broad axe (12)]
  6928 | D:8      | Reached **** piety under Wu Jian
  7288 | D:8      | Noticed a two-headed ogre
  7309 | D:8      | Killed a two-headed ogre
  7645 | D:8      | Reached XP level 10. HP: 25/94 MP: 3/10
  7761 | D:8      | Found a shimmering altar of Xom.
  7761 | D:8      | Found a burning altar of Makhleb.
  7961 | D:8      | Reached skill level 5 in Dodging
  8529 | D:9      | Reached skill level 5 in Fighting
  8736 | D:9      | Found a staircase to the Lair.
  8795 | D:9      | Found an opulent altar of Gozag.
  8795 | D:9      | Found a stormy altar of Qazlal.
  9469 | D:9      | Found a hazy altar of Hepliaklqana.
  9523 | D:10     | Entered Level 10 of the Dungeon
 10045 | D:10     | Reached ***** piety under Wu Jian
 10463 | D:4      | Bought a potion of curing for 63 gold pieces
 10463 | D:4      | Bought a scroll of teleportation for 63 gold pieces
 10463 | D:4      | Bought a scroll labelled JOONOKK YT OJARR for 21 gold
                  | pieces
 10463 | D:4      | Bought a dented diamond amulet for 105 gold pieces
 10463 | D:4      | Bought a potion of curing for 63 gold pieces
 10827 | Lair:1   | Entered Level 1 of the Lair of Beasts
 10834 | Lair:1   | Reached XP level 11. HP: 94/105 MP: 6/11
 11013 | Lair:1   | Noticed a catoblepas
 11277 | D:11     | Noticed an orange crystal statue
 11482 | D:11     | Found Noci's Magic Scroll Shop.
 11489 | D:11     | Bought a scroll of fear for 48 gold pieces
 11489 | D:11     | Bought a scroll of blinking for 90 gold pieces
 11526 | D:11     | Found a staircase to the Orcish Mines.
 11653 | D:11     | Found Empowor's Jewellery Boutique.
 11727 | D:11     | Found Yckum's Weapon Shop.
 11768 | D:11     | Found Nufes's Antique Weapon Emporium.
 12213 | Orc:1    | Entered Level 1 of the Orcish Mines
 12445 | Orc:1    | Noticed an orc warlord
 12776 | D:12     | Noticed a brown ugly thing
 13051 | D:11     | Killed a brown ugly thing
 14148 | D:12     | Noticed Jorgrun
 14161 | D:12     | Killed Jorgrun
 14162 | D:12     | Reached skill level 10 in Dodging
 14162 | D:12     | Reached XP level 12. HP: 97/119 MP: 12/12
 14694 | D:13     | Noticed a centaur warrior
 14808 | D:13     | Noticed an eight-headed hydra
 15100 | D:13     | Killed a centaur warrior
 15266 | D:13     | Noticed a centaur warrior
 15267 | D:13     | Noticed a centaur warrior
 15280 | D:13     | Killed a centaur warrior
 15283 | D:13     | Killed a centaur warrior
 15424 | D:13     | Reached skill level 10 in Unarmed Combat
 15557 | D:13     | Slain by a meliai

Illustrated notes

Levels and vault maps discovered:
D:1:      minmay_arrival_semitransparent, layout_loops_ring,
          minmay_crystal_water, minmay_misc_feat_hallway
D:2:      layout_basic, serial_shops, nicolae_shop_waterfront, basic_altar,
          uniq_natasha
D:3:      layout_rooms, zin_purify, minmay_box_of_dots
D:4:      layout_gridville, grunt_ashenzari_visionary
          [grunt_ashenzari_visionary_shoals, grunt_ashenzari_visionary_spider],
          minmay_temple_entry_statues_pillars, serial_shops, kennysheep_mini,
          minmay_shop_grid_forest
D:5:      layout_loops_ring, nicolae_ossuary_entry_plus,
          ebering_ghost_reflecting_pool, serial_demonic, serial_demonic_c,
          serial_demonic_f, serial_demonic_b, serial_demonic_e,
          serial_demonic_a, serial_demonic_c, serial_demonic_f,
          serial_demonic_b, kennysheep_another_room
D:6:      layout_cave_pools, minmay_fractal_squares_5
D:7:      layout_basic, mainiacjoe_overflow_cross_hatched,
          nicolae_shop_overcharged_wands
D:8:      layout_gridville, grunt_temple_overflow_champion_of_chaos,
          minmay_misc_feat_room
D:9:      layout_loops_corners, worldfamousw_hep_ancestral_shrine,
          nicolae_overflow_two_pavilions, hellmonk_lair_entry_icy
D:10:     layout_gridville
D:11:     layout_loops_ring, erik_orc_3, serial_shops,
          nicolae_shop_tiny_real_fake_doors, nicolae_diamond_shop,
          nicolae_take_the_stairs, shop, minmay_statue_bubble
D:12:     layout_loops_corners, uniq_jorgrun
D:13:     layout_cave_pods
Temple:   nicolae_temple_two_arcs
Lair:1:   layout_chaotic_city, cheibrodos_lair_reptile_den, uniq_maggie
Orc:1:    layout_caves, basic_altar

Skill      XL: |  1  2  3  4  5  6  7  8  9 10 11 12 |
---------------+-------------------------------------+-----
Transmutations | 2 3 6 8 |  8.8
Unarmed Combat | 4 5 7 8 10 | 10.4
Fighting       | 2 3 4 5 7 |  7.7
Dodging        | 2 4 7 10 | 10.1
Spellcasting   | |  1.2

Action                     |  1- 3 |  4- 6 |  7- 9 | 10-12 || total
---------------------------+-------+-------+-------+-------++-------
  Melee: Unarmed           |    42 |   124 |   295 |   510 ||   971
         Kick              |       |    12 |    64 |   105 ||   181
         Headbutt          |       |     8 |    33 |    58 ||    99
         Punch             |       |     2 |     7 |    23 ||    32
   Cast: Beastly Appendage |     2 |    25 |    51 |    55 ||   133
         Spider Form       |       |       |     7 |     3 ||    10
         Wereblood         |       |       |     5 |    11 ||    16
 Invoke: Heavenly Storm    |       |       |       |     1 ||     1
Ability: Lunge             |       |     4 |    32 |    30 ||    66
         Whirlwind         |       |       |    11 |    94 ||   105
         Wall Jump         |       |       |     6 |     6 ||    12
  Evoke: Wand              |       |       |     9 |     3 ||    12
    Use: Scroll            |     1 |    10 |     6 |     7 ||    24
         Potion            |       |     2 |     5 |    12 ||    19
   Stab: Sleeping          |     1 |       |       |       ||     1
 Armour: Robe              |    12 |    45 |    65 |   115 ||   237
         Skin              |       |       |     4 |     1 ||     5
  Dodge: Dodged            |    13 |    63 |   214 |   364 ||   654
